Map: Pillars of Gold LE

Players

Lyrk

  • Race: Zerg Zerg
  • League: Master
  • Spawn Location: 7:00

zuka - Winner!

  • Race: Protoss Protoss
  • League: Master
  • Spawn Location: 1:00

VOD

Have the link to the VOD?

Description

Time

  • Played on: Aug. 7, 2020, 2:09 p.m.
  • Length: 6:20
Show
View Real Time Build Order
Export as new Build Order

Lyrk Zerg 

Build Orders: Hatch First, Ravager All-In 

Get SALT Encoding   

  12  0:01  Drone  
  13  0:12  Drone  
  14  0:24  Extractor, Drone  
  14  0:25  Extractor, Drone  
  16  0:46  Hatchery  
  15  1:03  Spawning Pool  
  14  1:08  Overlord  
  14  1:26  Drone x3  
  14  1:27  Extractor x2  
  15  1:41  Drone  
  16  1:59  Queen  
  18  2:04  Roach Warren  
  18  2:06  Zergling x2  
  18  2:18  Overlord  
  18  2:44  Roach x3  
  23  3:02  Roach  
  25  3:07  Roach x2  
  27  3:14  Roach  
  27  3:20  Roach  
  25  3:30  Ravager  
  27  3:34  Ravager  
  27  3:37  Ravager x2  
  29  3:42  Overlord  
  29  3:56  Ravager  
  29  4:00  Roach  
  29  4:01  Roach  
  34  4:21  Ravager  
  34  4:22  Ravager, Roach  
  32  4:58  Roach x3  
  29  5:13  Ravager  
  24  5:16  Roach  
  24  5:19  Ravager  
  27  5:24  Roach  
  29  5:32  Roach  
  29  5:35  Ravager  
  32  5:44  Ravager  
Show
View Real Time Build Order
Export as new Build Order

zuka Protoss - Winner!

Build Orders:  

Get SALT Encoding   

  12  0:00  Probe  
  13  0:12  Probe  
  14  0:20  Pylon  
  14  0:25  Probe (Chrono Boost)  
  15  0:38  Probe (Chrono Boost)  
  15  0:41  Gateway  
  16  0:46  Probe  
  17  0:50  Assimilator  
  17  0:58  Probe  
  18  1:10  Probe  
  19  1:14  Gateway  
  19  1:22  Probe  
  20  1:28  Cybernetics Core  
  20  1:34  Zealot (Chrono Boost)  
  20  1:39  Pylon  
  26  2:03  Zealot (Chrono Boost)  
  26  2:04  Stalker (Chrono Boost)  
  26  2:06  Shield Battery  
  26  2:09  Shield Battery  
  26  2:25  Stalker (Chrono Boost)  
  26  2:28  Pylon  
  28  2:32  Stalker  
  30  2:42  Warp Gate  
  29  2:59  Stalker  
  31  3:09  Nexus  
  31  3:14  Pylon  
  31  3:25  Shield Battery  
  31  3:34  Robotics Facility  
  31  3:39  Probe (Chrono Boost)  
  32  3:46  Assimilator  
  33  3:48  Probe (Chrono Boost)  
  33  3:53  Probe (Chrono Boost)  
  34  4:02  Pylon  
  34  4:05  Probe  
  35  4:17  Probe  
  35  4:21  Immortal (Chrono Boost)  
  40  4:26  Probe  
  40  4:29  Probe  
  40  4:43  Stalker x2  
  34  5:02  Immortal (Chrono Boost)  
  38  5:12  Probe x2  
  40  5:18  Shield Battery  
  40  5:21  Pylon  
  40  5:23  Stalker  
  40  5:25  Probe (Chrono Boost)  
  40  5:26  Probe (Chrono Boost)  
  44  5:38  Probe (Chrono Boost)  
  44  5:41  Observer (Chrono Boost)  
  44  5:42  Probe (Chrono Boost)  
  47  5:45  Probe (Chrono Boost)  
  48  5:54  Twilight Council, Probe x2  
Tags
 
Add a new tag
Caveats
  • Supply blocks, unpowered buildings, or Contaminate may cause inaccurate times.
  • Supply counts are checked every 10 seconds.